 Dungeon Crawl Stone Soup version 0.22-a0-322-g60b3cfd (webtiles) character file.

137891 sankara the Severer (level 16, -2/132 HPs)
             Began as a Demonspawn Berserker on Apr 2, 2018.
             Was the Champion of Trog.
             Killed from afar by a shock serpent (10 damage)
             ... with an electric aura
             ... on level 1 of the Snake Pit.
             The game lasted 01:39:07 (25033 turns).

sankara the Severer (Demonspawn Berserker)         Turns: 25033, Time: 01:39:08

Health: -2/132     AC: 15    Str: 19    XL:     16   Next: 70%
Magic:  19/19      EV: 15    Int: 16    God:    Trog [******]
Gold:   2400       SH:  0    Dex: 13    Spells: 15/15 levels left

rFire    + . .     SeeInvis .   a - +7 executioner's axe (flame)
rCold    + . .     Gourm    .   (shield currently unavailable)
rNeg     . . .     Faith    .   t - +3 ring mail of Cheibriados's Hope {rPois rCorr Int+6 Dex-4}
rPois    +         Spirit   .   n - +1 helmet
rElec    .         Reflect  .   N - scarf {rC+ rF+}
rCorr    +         Harm     .   k - +0 pair of gloves
MR       ++...                  (boots unavailable)
Stlth    ..........             Q - amulet of regeneration {+regen, !d}
HPRegen  0.72/turn              q - ring of protection from magic {MR+, !d}
MPRegen  0.16/turn              (no ring)

@: no status effects
A: hooves 3, rugged brown scales 2, foul stench 1, spiny 2, augmentation 1, rot
immunity
a: Berserk, Trog's Hand, Brothers in Arms, Renounce Religion


You were on level 1 of the Snake Pit.
You worshipped Trog.
Trog was exalted by your worship.
You were not hungry.

You visited 5 branches of the dungeon, and saw 26 of its levels.
You also visited: Labyrinth.

You collected 2400 gold pieces.

Inventory:

Hand Weapons
 a - a +7 executioner's axe of flaming (weapon)
   (Trog gifted it to you on level 10 of the Dungeon)
 b - a +0 arbalest of velocity
   (You found it on level 3 of the Lair of Beasts)
 u - a +2 antimagic broad axe
   (Trog gifted it to you on level 2 of the Orcish Mines)
Missiles
 c - 11 steel javelins (quivered)
 d - 89 bolts
 m - a throwing net {=f, !d}
 E - 10 javelins
 M - 19 tomahawks
Armour
 f - the +2 chain mail of the Trout {+Blink MR- Regen+ Dex+6}
   (You took it off a minotaur in a labyrinth)

   It affects your dexterity (+6).
   It affects your resistance to hostile enchantments.
   It lets you blink.
   It increases your rate of regeneration.
 k - a +0 pair of gloves (worn)
   (You found it on level 8 of the Dungeon)
 n - a +1 helmet (worn)
   (You found it on level 3 of the Lair of Beasts)
 t - the +3 ring mail of Cheibriados's Hope (worn) {rPois rCorr Int+6 Dex-4}
   (You found it on level 4 of the Dungeon)

   It affects your intelligence (+6).
   It affects your dexterity (-4).
   It protects you from poison.
   It protects you from acid and corrosion.
 x - the +5 ring mail of Omeek {Str+4 Dex+3}
   (You found it on level 6 of the Dungeon)

   It affects your strength (+4).
   It affects your dexterity (+3).
 L - a +2 cloak
   (You found it on level 5 of the Dungeon)
 N - a scarf of resistance (worn)
   (You found it on level 3 of the Lair of Beasts)
 P - +0 fire dragon scales
   (You found it on level 1 of the Snake Pit)
Jewellery
 q - a ring of protection from magic (left hand) {MR+, !d}
   (You found it on level 2 of the Dungeon)
 z - an uncursed amulet of guardian spirit {Spirit}
   (You found it on level 13 of the Dungeon)
 F - an uncursed ring of ice {rC+, rF-}
   (You found it on level 2 of the Lair of Beasts)
 G - the ring of Zed Wus {*Corrode +Fly rC+ rN+ Int+4}
   (You found it on level 14 of the Dungeon)

   [ring of flight]

   It affects your intelligence (+4).
   It protects you from cold.
   It protects you from negative energy.
   It lets you fly.
   It may corrode you when you take damage.
 Q - an amulet of regeneration (around neck) {+regen, !d}
   (You found it on level 1 of the Lair of Beasts)
Wands
 o - a wand of digging (9)
   (You found it on level 7 of the Dungeon)
 w - a wand of disintegration (40)
   (You found it on level 6 of the Dungeon)
 y - a wand of iceblast (17)
   (You found it on level 6 of the Dungeon)
 D - a wand of acid (26)
   (You found it on level 3 of the Dungeon)
 K - a wand of flame (29)
   (You found it on level 8 of the Dungeon)
 O - a wand of clouds (10)
   (You found it on level 8 of the Dungeon)
 V - a wand of scattershot (22)
   (You found it on level 8 of the Dungeon)
 Y - a wand of paralysis (19)
   (You found it on level 1 of the Lair of Beasts)
Scrolls
 e - 7 scrolls of remove curse
 g - 15 scrolls of teleportation
 p - a scroll of magic mapping {!r}
 B - 3 scrolls of blinking {!r}
 I - 6 scrolls of identify
 S - a scroll of enchant armour
Potions
 h - 5 potions of heal wounds
 j - a potion of agility
 l - 9 potions of curing
 r - 2 potions of cancellation
 s - a potion of resistance
 v - 2 potions of flight
 A - 4 potions of lignification {!q}
 C - 4 potions of ambrosia
 H - 4 potions of haste
 X - a potion of invisibility {unknown}
 Z - 3 potions of might
Miscellaneous
 i - a phantom mirror
 W - a sack of spiders
Comestibles
 J - 45 rations
 R - 8 chunks of flesh {@w0}


   Skills:
 + Level 11.6 Fighting
 + Level 20.4 Axes
 + Level 5.4 Crossbows
 + Level 9.1 Armour
 + Level 7.6 Dodging
 - Level 5.0 Evocations


You had 15 spell levels left.
You didn't know any spells.

Dungeon Overview and Level Annotations

Branches:
Dungeon (15/15)            Temple (1/1) D:4            Lair (6/6) D:11
 Shoals (0/4) Lair:3        Snake (2/4) Lair:4        Slime (0/5) Lair:6
    Orc (2/2) D:11            Elf (0/3) Orc:2        Vaults (0/5) D:14
 Depths (0/5) D:15

Altars:
Ashenzari
Cheibriados
Dithmenos
Elyvilon
Fedhas
Gozag
Hepliaklqana
Kikubaaqudgha
Makhleb
Nemelex Xobeh
Okawaru
Qazlal
Ru
Sif Muna
Trog
Uskayaw
Vehumet
Wu Jian
Xom
Yredelemnul
Zin
The Shining One
Beogh

Shops:
D:10 *   Orc:2 *[**

Annotations:
D:7 2 runed doors
Snake:2 1 transporter


Innate Abilities, Weirdness & Mutations

You have hooves in place of feet.
You are mostly covered in rugged brown scales. (AC +2, +5% HP)
You may emit foul miasma when damaged in melee.
You are mostly covered in sharp spines.
Your magical and physical power is slightly enhanced at high health.
You are immune to rotting.


Message History

The arrow hits you but does no damage.
The mana viper is struck by your spines.
The mana viper completely misses you.
A naga comes into view. It is wielding a hand axe.
You see here an arrow.
You barely miss the mana viper.
The naga shouts!
Your kick misses the mana viper.
The mana viper is lightly wounded.
You hear an angry hiss.
The mana viper misses you.
The naga ritualist shouts!
You slice the mana viper!! You burn the mana viper!
Your kick misses the mana viper.
The mana viper is almost dead.
The mana viper barely misses you. The naga mage casts a spell at you.
The bolt of poison hits the mana viper.
The bolt of poison misses you.
The salamander shoots an arrow.
The arrow completely misses you.
You barely miss the mana viper.
The mana viper is almost dead.
The mana viper is struck by your spines.
The mana viper barely misses you. The mana viper completely misses you.
A salamander comes into view. It is wielding a trident.
You completely miss the mana viper.
The naga mage shouts!
You kick the mana viper.
The mana viper is almost dead.
You hear a shout!
The salamander shoots an arrow.
The arrow hits you!
The mana viper is struck by your spines.
You kill the mana viper!
Trog accepts your kill. The naga spits poison at you.
The splash of poison misses you.
You hear an angry hiss.
A salamander mystic comes into view. It is wielding a quarterstaff.
Press: ? - help, v - describe, . - travel, g - get item A manual of Throwing.
The floor.
A shock serpent comes into view.
The shock serpent shoots out a bolt of lightning at you!
The bolt of electricity hits you! The naga spits poison at you.
The splash of poison hits you! You resist. The naga mage spits poison at you.
The splash of poison hits you!
You are poisoned.
You resist.
You feel sick. The shock serpent bites you! The shock serpent shocks you!
You feel sick.
The shock serpent is struck by your spines.
The shock serpent closely misses you.
The shock serpent shoots out a bolt of lightning at you!
The bolt of electricity hits you!
You feel sick.
You feel sick.
The shock serpent shoots out a bolt of lightning at you!
The bolt of electricity hits you!
The shock serpent is struck by your spines.
The shock serpent misses you.
The shock serpent's electric aura discharges, shocking you!
You feel sick.
The shock serpent bites you but does no damage.
A black mamba comes into view.
The black mamba hisses angrily.
The shock serpent shoots out a bolt of lightning at you!
The bolt of electricity misses you.
The shock serpent shoots out a bolt of lightning at you!
The bolt of electricity hits you!
You feel sick. The black mamba barely misses you.
You feel sick.
Some of the chunks of flesh in your inventory have rotted away.
There is a stone staircase leading up here.
The shock serpent is struck by your spines.
The shock serpent closely misses you.
The shock serpent's electric aura discharges, shocking you!
* * * LOW HITPOINT WARNING * * *
The black mamba is struck by your spines.
The black mamba bites you but does no damage.
You climb upwards.
There is a stone staircase leading down here.
Your ring mail of Cheibriados's Hope prevents you from hitting the shock serpent.
The shock serpent is moderately wounded.
You feel sick.
You are no longer poisoned.
The shock serpent is struck by your spines.
The shock serpent bites you!
* * * LOW HITPOINT WARNING * * *
The shock serpent shocks you!
* * * LOW HITPOINT WARNING * * *
The shock serpent's electric aura discharges, shocking you!
* * * LOW HITPOINT WARNING * * *
The shock serpent misses you.
You slash the shock serpent! You burn the shock serpent.
Your kick misses the shock serpent.
The shock serpent is almost dead.
The shock serpent's electric aura discharges, shocking you!
You die...

....##...........##.......(.#
....##.......##.............#
.............##..#..........#
.....####.......###.........#
......###.......###.........#
>.[....##........##.........#
.......##......#.##.........#
...............#.############
................@###
.....<..)......S...#
.......[#..........#
.......##........###
..>....####......#
.......#....#.##.#
..........###.##.##
........>.# #..#..#
.....[....# ##.##.##


You could see a shock serpent.

Vanquished Creatures
  Frances (Snake:1)
  An orc warlord (Orc:2)
  3 entropy weavers (Lair:4)
  5 dire elephants (Lair:6)
  A minotaur (Lab)
  Josephine (Orc:1)
  6 hydras
  Erolcha (D:9)
  3 ghost crabs (Lair:4)
  A naga warrior (Snake:2)
  7 anacondas
  The ghost of sankara the Grappler, a novice TrMo of Ru (D:9)
  3 centaur warriors (D:14)
  4 tengu warriors
  A vampire mage (D:15)
  4 two-headed ogres
  A naga sharpshooter (Snake:1)
  Urug (D:14)
  4 fire crabs (Lair:4)
  6 skeletal warriors
  3 shock serpents
  An unseen horror (D:13)
  2 naga ritualists
  A golden dragon skeleton (D:15)
  A wizard (D:14)
  9 orc knights
  The ghost of Armakuni the Twirler, a novice DgWn (D:6)
  A deep elf mage (D:15)
  7 mana vipers
  2 necromancers
  A shadow dragon skeleton (D:15)
  An oklob plant (Lair:6)
  18 ugly things
  4 orc sorcerers
  4 manticores
  16 black mambas
  Maurice (D:12)
  A naga mage (Snake:1)
  8 spiny frogs
  10 elephants
  An apocalypse crab (Lair:4)
  4 gargoyles
  8 rime drakes
  Psyche (D:10)
  2 redback zombies
  2 kobold demonologists
  8 komodo dragons
  8 trolls
  2 polar bears
  Grinder (D:3)
  16 blink frogs
  4 slime creatures (D:15)
  14 hippogriffs
  A fire dragon zombie (D:15)
  An ice dragon skeleton (D:15)
  2 spriggans
  A shadow (D:14)
  3 wyverns
  50 yaks
  7 wraiths
  3 basilisks
  3 hungry ghosts
  A warg (shapeshifter) (D:12)
  A soldier ant (shapeshifter) (D:15)
  7 wargs
  Menkaure (D:7)
  2 nagas (Snake:1)
  16 water moccasins
  9 porcupines
  Duvessa (D:4)
  45 orc warriors
  2 black bears
  5 ice beasts
  2 sky beasts
  8 wolves
  4 phantoms
  2 necrophages
  13 ogres
  11 centaurs
  11 crocodiles
  11 big kobolds
  30 bullfrogs
  Blork the orc (D:5)
  A wyvern skeleton (D:14)
  Dowan (D:4)
  A killer bee (D:11)
  5 scorpions
  3 troll zombies (D:11)
  9 wights
  5 electric eels
  5 howler monkeys
  7 crimson imps
  2 bullfrog zombies
  4 centaur zombies
  3 jellies
  2 quasits
  8 hounds
  15 orc priests
  2 bullfrog skeletons
  4 centaur skeletons
  2 iguanas
  25 orc wizards
  9 worker ants
  A killer bee zombie (D:10)
  5 ogre zombies (D:11)
  2 hound zombies
  3 worker ant zombies
  8 gnolls
  A howler monkey skeleton (D:4)
  17 adders
  6 shadow imps
  2 oozes (Lair:6)
  2 adder skeletons
  An adder zombie (D:7)
  A dart slug (D:3)
  7 leopard geckos
  96 orcs
  4 giant cockroaches
  4 goblins
  10 hobgoblins
  5 jackals
  3 quokkas
  6 bats
  6 frilled lizards
  A goblin skeleton (D:11)
  3 goblin zombies (D:11)
  2 hobgoblin skeletons (D:11)
  2 hobgoblin zombies (D:11)
  A jackal skeleton (D:4)
  A jackal zombie (D:8)
  20 kobolds
  A leopard gecko zombie (D:5)
  An orc skeleton (D:11)
  16 orc zombies (D:11)
  7 rats
  4 fungi
  4 plants
838 creatures vanquished.

Vanquished Creatures (collateral kills)
  3 centaurs (D:11)
  2 jackals (D:11)
5 creatures vanquished.

Vanquished Creatures (others)
  A yak (D:11)
  An orc warrior (Orc:1)
  46 fungi
  36 plants (D:11)
84 creatures vanquished.

Grand Total: 927 creatures vanquished

Notes
Turn   | Place    | Note
-------+----------+-------------------------------------------
     0 | D:1      | sankara the Demonspawn Berserker began the quest for the Orb.
     0 | D:1      | Reached XP level 1. HP: 18/18 MP: 1/1
   327 | D:1      | Reached skill level 2 in Dodging
   389 | D:1      | Reached skill level 2 in Armour
   389 | D:1      | Gained mutation: You are partially covered in rugged brown scales. (AC +1, +3% HP) [demonic ancestry]
   389 | D:1      | Reached XP level 2. HP: 14/24 MP: 2/2
  1133 | D:2      | Reached skill level 3 in Axes
  1165 | D:2      | Gained mutation: You have large cloven feet. [demonic ancestry]
  1165 | D:2      | Reached XP level 3. HP: 17/29 MP: 3/3
  1531 | D:2      | Gained mutation: You are immune to rotting. [demonic ancestry]
  1531 | D:2      | Reached XP level 4. HP: 32/36 MP: 4/4
  1531 | D:2      | Reached ** piety under Trog
  2060 | D:3      | You fall through a shaft for 3 floors!
  2201 | D:6      | Noticed an orc warrior
  2202 | D:6      | You fall through a shaft!
  2202 | D:7      | Found a large runed door.
  2213 | D:7      | Gained mutation: You are partially covered in sharp spines. [demonic ancestry]
  2213 | D:7      | Reached XP level 5. HP: 43/43 MP: 5/5
  2219 | D:7      | Reached skill level 4 in Fighting
  2219 | D:7      | Reached skill level 3 in Dodging
  2220 | D:7      | Found a large runed door.
  2233 | D:7      | Reached skill level 3 in Armour
  2249 | D:7      | Noticed a black bear
  2260 | D:7      | Killed a black bear
  2260 | D:7      | Reached skill level 4 in Axes
  2260 | D:7      | Gained mutation: You are mostly covered in sharp spines. [demonic ancestry]
  2260 | D:7      | Reached XP level 6. HP: 43/50 MP: 6/6
  2262 | D:7      | Noticed a sky beast
  2272 | D:7      | Killed a sky beast
  2320 | D:7      | Found a large runed door.
  2320 | D:7      | Found a large runed door.
  2331 | D:7      | Noticed Menkaure
  2338 | D:7      | Killed Menkaure
  2338 | D:7      | Reached skill level 5 in Fighting
  2484 | D:6      | Gained mutation: You have hoof-like feet. [demonic ancestry]
  2484 | D:6      | Reached XP level 7. HP: 57/57 MP: 7/7
  2489 | D:6      | Reached skill level 5 in Axes
  2584 | D:6      | Reached skill level 6 in Fighting
  2702 | D:6      | Got a translucent ring mail
  2714 | D:6      | Reached skill level 6 in Axes
  2714 | D:6      | Gained mutation: You may emit foul miasma when damaged in melee. [demonic ancestry]
  2714 | D:6      | Reached XP level 8. HP: 66/66 MP: 8/8
  2726 | D:6      | Noticed Armakuni's ghost (novice DgWn)
  2745 | D:6      | HP: 14/66 [Armakuni's ghost (6)]
  2779 | D:6      | HP: 18/99 [Armakuni's ghost (9)]
  2784 | D:6      | Killed Armakuni's ghost
  2784 | D:6      | Reached skill level 7 in Fighting
  3043 | D:5      | Entered Level 5 of the Dungeon
  3055 | D:4      | Got a bloodstained ring mail
  3084 | D:4      | Identified the +3 ring mail of Cheibriados's Hope {rPois rCorr Int+6 Dex-4} (You found it on level 4 of the Dungeon)
  3094 | D:4      | Identified the +5 ring mail of Omeek {Str+4 Dex+3} (You found it on level 6 of the Dungeon)
  3139 | D:3      | Noticed Grinder
  3147 | D:3      | Killed Grinder
  3147 | D:3      | Reached skill level 7 in Axes
  3390 | D:3      | Reached skill level 8 in Fighting
  3416 | D:3      | Paralysed by fainting for 11 turns
  3983 | D:4      | Noticed Dowan
  3984 | D:4      | Reached *** piety under Trog
  3992 | D:4      | Killed Dowan
  4031 | D:4      | Found a staircase to the Ecumenical Temple.
  4103 | Temple   | Entered the Ecumenical Temple
  4244 | D:4      | Reached XP level 9. HP: 62/77 MP: 9/9
  4267 | D:4      | Noticed Duvessa
  4275 | D:4      | Killed Duvessa
  4703 | D:5      | Reached skill level 8 in Axes
  4746 | D:5      | Noticed Blork the orc
  4754 | D:5      | Killed Blork the orc
  4792 | D:5      | Reached skill level 9 in Fighting
  5398 | D:7      | Got a crude hunting sling
  5403 | D:7      | Identified the +3 hunting sling "Impslayer" {flame, *Contam Fragile rC++ MR+++} (You found it on level 7 of the Dungeon)
  5549 | D:7      | Noticed a troll
  5559 | D:7      | Reached skill level 9 in Axes
  5560 | D:7      | Killed a troll
  5560 | D:7      | Reached **** piety under Trog
  5754 | D:8      | Found a transporter.
  5765 | D:8      | Reached skill level 10 in Fighting
  5912 | D:8      | Found a sacrificial altar of Ru.
  6063 | D:8      | Gained mutation: You are mostly covered in rugged brown scales. (AC +2, +5% HP) [demonic ancestry]
  6063 | D:8      | Reached XP level 10. HP: 76/89 MP: 10/10
  6356 | D:8      | Found a transporter.
  6368 | D:8      | Found a blossoming altar of Fedhas.
  6601 | D:9      | Noticed sankara's ghost (novice TrMo)
  6603 | D:9      | Noticed Erolcha
  6611 | D:9      | Killed Erolcha
  6611 | D:9      | Reached skill level 10 in Axes
  6614 | D:9      | Killed sankara's ghost
  6614 | D:9      | Reached skill level 11 in Axes
  6936 | D:9      | Noticed a two-headed ogre
  7046 | D:9      | Noticed an orange demon
  7049 | D:9      | Reached skill level 12 in Axes
  7077 | D:9      | Killed a two-headed ogre
  7077 | D:9      | Reached XP level 11. HP: 44/94 MP: 11/11
  7777 | D:10     | Entered Level 10 of the Dungeon
  7780 | D:10     | Reached ***** piety under Trog
  7911 | D:10     | Reached skill level 13 in Axes
  8245 | D:10     | Found Foejahen's Assorted Antiques.
  8384 | D:10     | Received a gift from Trog
  8527 | D:10     | Noticed Psyche
  8530 | D:10     | Killed Psyche
  8641 | D:11     | HP: 34/141 [centaur/arrow (7)]
  8647 | D:11     | Reached skill level 4 in Armour
  8652 | D:11     | HP: 35/141 [orc warrior/war axe (5)]
  8856 | D:11     | Found a staircase to the Orcish Mines.
  9040 | D:11     | HP: 19/94 [manticore (7)]
  9042 | D:11     | Reached skill level 5 in Armour
  9329 | D:11     | Reached skill level 4 in Dodging
  9344 | D:11     | Noticed a red ugly thing
  9347 | D:11     | Noticed a cyan ugly thing
  9350 | D:11     | Killed a red ugly thing
  9354 | D:11     | Killed a cyan ugly thing
  9605 | D:11     | Received a gift from Trog
  9727 | D:11     | Reached XP level 12. HP: 90/101 MP: 12/12
  9736 | D:11     | Reached skill level 14 in Axes
  9786 | D:11     | Found a staircase to the Lair.
  9943 | Lair:1   | Entered Level 1 of the Lair of Beasts
  9961 | Lair:1   | Reached skill level 6 in Armour
 10001 | Lair:1   | Reached skill level 5 in Dodging
 10426 | Lair:1   | Reached skill level 7 in Armour
 11025 | Lair:2   | Noticed an eight-headed hydra
 11028 | Lair:2   | Killed a six-headed hydra
 11103 | Lair:2   | Reached skill level 15 in Axes
 11665 | Lair:2   | Received a gift from Trog
 12251 | Lair:3   | Reached skill level 16 in Axes
 12251 | Lair:3   | Reached XP level 13. HP: 108/108 MP: 13/13
 12430 | Lair:3   | Gained mutation: You have hooves in place of feet. [demonic ancestry]
 12430 | Lair:3   | Reached XP level 14. HP: 106/115 MP: 14/14
 12435 | Lair:3   | Found a stormy altar of Qazlal.
 12692 | Lair:3   | Found a staircase to the Shoals.
 13193 | Lair:4   | Reached skill level 17 in Axes
 13336 | Lair:4   | Found a staircase to the Snake Pit.
 13405 | Lair:4   | Found a runed door.
 13768 | Lair:4   | Noticed an entropy weaver
 13777 | Lair:4   | Killed an entropy weaver
 13905 | Lair:4   | Noticed an entropy weaver
 13912 | Lair:4   | Killed an entropy weaver
 14056 | Lair:4   | Noticed an entropy weaver
 14061 | Lair:4   | Killed an entropy weaver
 14142 | Lair:4   | Got a smoking shield
 14151 | Lair:4   | Identified the cursed +0 shield of Life {Int+6} (You found it on level 4 of the Lair of Beasts)
 14259 | Lair:5   | Found a labyrinth entrance.
 14309 | Lab      | Entered a labyrinth
 14973 | Lab      | Reached skill level 18 in Axes
 14978 | Lab      | Got a translucent chain mail
 15891 | Lair:6   | Entered Level 6 of the Lair of Beasts
 15985 | Lair:6   | Received a gift from Trog
 16487 | Lair:6   | Identified the +2 chain mail of the Trout {+Blink MR- Regen+ Dex+6} (You took it off a minotaur in a labyrinth)
 16625 | Lair:6   | Found a staircase to the Slime Pits.
 17218 | Lair:6   | Reached skill level 1 in Evocations
 17319 | Lair:6   | Reached skill level 2 in Evocations
 17387 | Lair:6   | Reached skill level 3 in Evocations
 17392 | Lair:6   | Reached skill level 19 in Axes
 17638 | Lair:6   | HP: 38/172 [dire elephant (20)]
 17973 | D:12     | Gained mutation: Your magical and physical power is slightly enhanced at high health. [demonic ancestry]
 17973 | D:12     | Reached XP level 15. HP: 108/120 MP: 17/17
 18015 | D:12     | Reached skill level 4 in Evocations
 18150 | D:12     | Reached skill level 5 in Evocations
 18161 | D:12     | Found a glowing silver altar of Zin.
 18349 | D:12     | Noticed Maurice
 18354 | D:12     | Killed Maurice
 18891 | Orc:1    | Entered Level 1 of the Orcish Mines
 18906 | Orc:1    | HP: 45/180 [orc warrior/halberd (8)]
 18906 | Orc:1    | HP: 21/180 [orc sorcerer/bolt of negative energy[an orc knight] (24)]
 18911 | Orc:1    | HP: 14/180 [orc knight/long sword (15)]
 19181 | Orc:1    | Noticed Josephine
 19192 | Orc:1    | Killed Josephine
 19348 | Orc:2    | Entered Level 2 of the Orcish Mines
 19363 | Orc:2    | Found a bloodstained altar of Trog.
 19392 | Orc:2    | Found a staircase to the Elven Halls.
 19458 | Orc:1    | Reached ****** piety under Trog
 19539 | Orc:2    | Received a gift from Trog
 19845 | Orc:2    | Found Kitimeg's Assorted Antiques.
 19845 | Orc:2    | Found Iqokuy's Assorted Antiques.
 19905 | Orc:2    | Found a roughly hewn altar of Beogh.
 20093 | Orc:2    | Noticed an orc warlord
 20103 | Orc:2    | Killed an orc warlord
 20103 | Orc:2    | Reached skill level 1 in Crossbows
 20478 | Orc:2    | Found Harysigg's General Store.
 20478 | Orc:2    | Found Tamorako's Antique Armour Emporium.
 20873 | D:13     | Received a gift from Trog
 21108 | D:13     | Reached skill level 2 in Crossbows
 21237 | D:13     | Reached skill level 20 in Axes
 21319 | D:13     | Found an opulent altar of Gozag.
 21747 | D:14     | Got a translucent ivory ring
 21748 | D:14     | Identified the ring of Zed Wus {*Corrode +Fly rC+ rN+ Int+4} (You found it on level 14 of the Dungeon)
 21796 | D:14     | Noticed Urug
 21804 | D:14     | Killed Urug
 22003 | D:14     | Reached skill level 3 in Crossbows
 22003 | D:14     | Reached skill level 6 in Dodging
 22272 | D:14     | Found a gate to the Vaults.
 22276 | D:14     | Reached skill level 8 in Armour
 22473 | D:14     | Reached XP level 16. HP: 116/130 MP: 19/19
 22812 | D:15     | Entered Level 15 of the Dungeon
 22863 | D:15     | Reached skill level 4 in Crossbows
 22865 | D:15     | Reached skill level 11 in Fighting
 23124 | D:15     | Found a staircase to the Depths.
 23854 | Snake:1  | Entered Level 1 of the Snake Pit
 23861 | Snake:1  | Reached skill level 7 in Dodging
 24440 | Snake:1  | Noticed Frances
 24455 | Snake:1  | Killed Frances
 24455 | Snake:1  | Received a gift from Trog
 24455 | Snake:1  | Reached skill level 5 in Crossbows
 24712 | Snake:2  | Reached skill level 9 in Armour
 24785 | Snake:2  | Received a gift from Trog
 24999 | Snake:2  | Found a transporter.
 25032 | Snake:1  | HP: 31/132 [shock serpent (9)]
 25032 | Snake:1  | HP: 8/132 [shock serpent/electric aura (9)]
 25033 | Snake:1  | Killed from afar by a shock serpent

Vault maps used:
D:1:      dpeg_arrival_pond
D:3:      uniq_grinder
D:4:      minmay_temple_entry_grid, serial_aquarium,
          aquarium_bridge_long_joined, aquarium_bridge_square,
          aquarium_window_1, aquarium_window_1, aquarium_view_2c,
          aquarium_view_2d, aquarium_balcony_double_4, aquarium_pool_split,
          serial_park_tiny_1, uniq_duvessa
D:5:      first_ration, uniq_blork_the_orc
D:6:      enter_ossuary_1
D:7:      minmay_hollow_rounded_squares, uniq_menkaure
D:8:      gammafunk_steamed_eel, nicolae_overflow_crystal_walls, grunt_pizzeria,
          kennysheep_cluttered_room, fedhas_altar_1
D:9:      special_room, uniq_erolcha
D:10:     serial_shops, kennysheep_mini, uniq_psyche
D:11:     due_lair_maze_entry_diamond, zombieorc2_lemuel, palyth_stone_intersect
D:12:     minmay_ruined_shrine, uniq_maurice
D:13:     minmay_misc_feat_tower, nicolae_gozag_cash_rules_everything_around_me
D:14:     david_vaults_1, minmay_holes, uniq_urug
D:15:     gammafunk_depths_entry_grave, serial_glass, glass_columns_a,
          glass_columns_a, glass_columns_b, glass_columns_a, glass_columns_a,
          glass_columns_a, glass_columns_b, glass_columns_b, grunt_ministairs_2
Temple:   nicolae_temple_the_god_donut
Lair:1:   grunt_forest_large_clearing_hut, serial_bayou_shore_a
Lair:3:   shoals_dummy_entry, basic_altar, serial_bayou_lagoon_a,
          beast_lair_carwin_8, infiniplex_staircase_pool, serial_bayou_shore_b
Lair:4:   gammafunk_mikee_crab_dinner, dummy_snake_entry, lemuel_fruit_tree
Lair:5:   lab_entry_generic
Lair:6:   due_jungle_book, nicolae_slime_entry_slimehenge
Snake:1:  uniq_frances
Snake:2:  gammafunk_sealed_library, basic_altar
Orc:1:    uniq_josephine
Orc:2:    st_orc_town, bloody_trog
Lab:      labyrinth_mini_lab, labyrinth_skeletal_remains, nicolae_lab_stuck

Skill      XL: |  1  2  3  4  5  6  7  8  9 10 11 12 13 14 15 16 |
---------------+-------------------------------------------------+-----
Dodging        | 2 3 4 5 6 7 |  7.6
Armour         | 2 3 5 7 8 9 |  9.1
Axes           | 3 4 6 7 9 12 13 16 19 20 | 20.4
Fighting       | 4 5 6 8 10 11 | 11.6
Evocations     | 3 5 |  5.0
Crossbows      | 3 5 |  5.4

Action                   |  1- 3 |  4- 6 |  7- 9 | 10-12 | 13-15 | 16-18 || total
-------------------------+-------+-------+-------+-------+-------+-------++-------
Melee: Hand axe          |    88 |   125 |   139 |       |       |       ||   352
       Kick              |     7 |    30 |    82 |   103 |   230 |    75 ||   527
       War axe           |       |       |    67 |   181 |       |       ||   248
       Executioner's axe |       |       |       |   240 |   598 |   184 ||  1022
 Fire: Hunting sling     |       |       |     3 |       |       |       ||     3
       Arbalest          |       |       |       |       |    10 |       ||    10
Throw: Tomahawk          |       |       |       |     4 |       |       ||     4
Invok: Berserk           |     2 |     2 |     6 |     7 |    10 |     3 ||    30
       Trog's Hand       |       |     1 |     3 |     6 |     4 |     1 ||    15
       Brothers in Arms  |       |       |       |     1 |       |       ||     1
 Abil: Evoke Blink       |       |       |       |       |     1 |       ||     1
  Use: Scroll            |       |       |     6 |    11 |    18 |       ||    35
       Potion            |       |       |       |     1 |       |       ||     1
  Eat: Chunk             |     3 |     6 |    18 |    28 |    40 |     8 ||   103
       Ration            |       |       |       |     1 |     1 |     1 ||     3
Armor: Animal skin       |     4 |       |       |       |       |       ||     4
       Ring mail         |    19 |    20 |    68 |   214 |   176 |    72 ||   569
       Plate armour      |       |    64 |    27 |       |       |       ||    91
       Chain mail        |       |       |       |       |   125 |       ||   125
Dodge: Dodged            |    70 |    75 |   104 |   305 |   354 |   130 ||  1038

Table legend:
 A = Spawn XP
 B = Non-spawn XP
 C = Spawn XP percentage of total XP
 D = Spawn monster count
 E = Non-spawn monster count
 F = Spawn count percentage of total count
 G = Total turns spent on level
                    A         B        C        D         E        F      G
               +---------+---------+-------+---------+---------+-------+---------
         Total |       0 |  171775 |   0.0 |       0 |     836 |   0.0 | 25033
               +---------+---------+-------+---------+---------+-------+---------
           D:1 |       0 |      22 |   0.0 |       0 |      14 |   0.0 |  1117
           D:2 |       0 |     123 |   0.0 |       0 |      28 |   0.0 |   869
           D:3 |       0 |     325 |   0.0 |       0 |      15 |   0.0 |   920
           D:4 |       0 |     756 |   0.0 |       0 |      17 |   0.0 |   731
           D:5 |       0 |     754 |   0.0 |       0 |      24 |   0.0 |   459
           D:6 |       0 |    1402 |   0.0 |       0 |      23 |   0.0 |   731
           D:7 |       0 |    1497 |   0.0 |       0 |      23 |   0.0 |   854
           D:8 |       0 |    1010 |   0.0 |       0 |      12 |   0.0 |   841
           D:9 |       0 |    6324 |   0.0 |       0 |      65 |   0.0 |  1183
          D:10 |       0 |    2463 |   0.0 |       0 |      39 |   0.0 |  1448
          D:11 |       0 |    8169 |   0.0 |       0 |     103 |   0.0 |   971
          D:12 |       0 |    8696 |   0.0 |       0 |      45 |   0.0 |  1021
          D:13 |       0 |    9688 |   0.0 |       0 |      23 |   0.0 |   789
          D:14 |       0 |   17714 |   0.0 |       0 |      37 |   0.0 |  1124
          D:15 |       0 |   14147 |   0.0 |       0 |      40 |   0.0 |   898
        Lair:1 |       0 |    6751 |   0.0 |       0 |      30 |   0.0 |  1262
        Lair:2 |       0 |    5600 |   0.0 |       0 |      22 |   0.0 |   914
        Lair:3 |       0 |    4347 |   0.0 |       0 |      21 |   0.0 |  1011
        Lair:4 |       0 |   12553 |   0.0 |       0 |      22 |   0.0 |  1444
        Lair:5 |       0 |    9739 |   0.0 |       0 |      30 |   0.0 |   942
        Lair:6 |       0 |   14300 |   0.0 |       0 |      34 |   0.0 |  1879
       Snake:1 |       0 |   13005 |   0.0 |       0 |      20 |   0.0 |   848
       Snake:2 |       0 |   11275 |   0.0 |       0 |      17 |   0.0 |   192
         Orc:1 |       0 |    5464 |   0.0 |       0 |      21 |   0.0 |   481
         Orc:2 |       0 |   14374 |   0.0 |       0 |     110 |   0.0 |  1292
           Lab |       0 |    1277 |   0.0 |       0 |       1 |   0.0 |   740
               +---------+---------+-------+---------+---------+-------+---------

Vault maps used:
D:1:      dpeg_arrival_pond
D:3:      uniq_grinder
D:4:      minmay_temple_entry_grid, serial_aquarium,
          aquarium_bridge_long_joined, aquarium_bridge_square,
          aquarium_window_1, aquarium_window_1, aquarium_view_2c,
          aquarium_view_2d, aquarium_balcony_double_4, aquarium_pool_split,
          serial_park_tiny_1, uniq_duvessa
D:5:      first_ration, uniq_blork_the_orc
D:6:      enter_ossuary_1
D:7:      minmay_hollow_rounded_squares, uniq_menkaure
D:8:      gammafunk_steamed_eel, nicolae_overflow_crystal_walls, grunt_pizzeria,
          kennysheep_cluttered_room, fedhas_altar_1
D:9:      special_room, uniq_erolcha
D:10:     serial_shops, kennysheep_mini, uniq_psyche
D:11:     due_lair_maze_entry_diamond, zombieorc2_lemuel, palyth_stone_intersect
D:12:     minmay_ruined_shrine, uniq_maurice
D:13:     minmay_misc_feat_tower, nicolae_gozag_cash_rules_everything_around_me
D:14:     david_vaults_1, minmay_holes, uniq_urug
D:15:     gammafunk_depths_entry_grave, serial_glass, glass_columns_a,
          glass_columns_a, glass_columns_b, glass_columns_a, glass_columns_a,
          glass_columns_a, glass_columns_b, glass_columns_b, grunt_ministairs_2
Temple:   nicolae_temple_the_god_donut
Lair:1:   grunt_forest_large_clearing_hut, serial_bayou_shore_a
Lair:3:   shoals_dummy_entry, basic_altar, serial_bayou_lagoon_a,
          beast_lair_carwin_8, infiniplex_staircase_pool, serial_bayou_shore_b
Lair:4:   gammafunk_mikee_crab_dinner, dummy_snake_entry, lemuel_fruit_tree
Lair:5:   lab_entry_generic
Lair:6:   due_jungle_book, nicolae_slime_entry_slimehenge
Snake:1:  uniq_frances
Snake:2:  gammafunk_sealed_library, basic_altar
Orc:1:    uniq_josephine
Orc:2:    st_orc_town, bloody_trog
Lab:      labyrinth_mini_lab, labyrinth_skeletal_remains, nicolae_lab_stuck

Table legend:
 A = Turns spent in this place as a percentage of turns spent in the entire game.
 B = Non-inter-level travel turns spent in this place as a percentage of non-inter-level travel turns spent in the entire game.
 C = Inter-level travel turns spent in this place as a percentage of turns spent in this place.
 D = Turns resting spent in this place as a percentage of non-inter-level travel turns spent in this place.
 E = Turns spent auto-exploring this place as a percentage of non-inter-level travel turns spent in this place.
 F = Non-inter-level travel turns spent in this place divided by the number of levels of this place that you've seen.
                   A       B       C       D       E      F
               +-------+-------+-------+-------+-------+----------------------
         Total | 100.0 | 100.0 |   6.9 |  20.2 |  52.6 | 863.1
       Dungeon |  55.8 |  55.4 |   7.5 |  21.9 |  52.2 | 861.0
        Temple |   0.3 |   0.3 |   8.3 |   0.0 |  90.9 |  66.0
          Lair |  29.8 |  29.4 |   8.1 |  18.6 |  61.5 | 1141.8
     Snake Pit |   4.2 |   4.3 |   4.0 |  33.1 |  41.7 | 499.0
  Orcish Mines |   7.1 |   7.4 |   2.2 |  15.2 |  47.9 | 867.0
     Labyrinth |   3.0 |   3.2 |   0.0 |   0.0 |   0.0 | 740.0
               +-------+-------+-------+-------+-------+----------------------

Table legend:
 A = Kills in this place as a percentage of kills in entire the game.
 B = Kills by you in this place as a percentage of kills by you in the entire game.
 C = Kills by friends in this place as a percentage of kills by friends in the entire game.
 D = Other kills in this place as a percentage of other kills in the entire game.
 E = Experience gained in this place as a percentage of experience gained in the entire game.
 F = Experience gained in this place divided by the number of levels of this place that you have seen.
                   A       B       C       D       E      F
               +-------+-------+-------+-------+-------+----------------------
         Total | 100.0 | 100.0 | 100.0 | 100.0 | 100.0 | 6362.0
       Dungeon |  60.8 |  60.5 | 100.0 | 100.0 |  42.5 | 4872.7
          Lair |  19.0 |  19.2 |   0.0 |   0.0 |  31.0 | 8881.7
     Snake Pit |   4.4 |   4.5 |   0.0 |   0.0 |  14.1 | 12140.0
  Orcish Mines |  15.7 |  15.8 |   0.0 |   0.0 |  11.5 | 9919.0
     Labyrinth |   0.1 |   0.1 |   0.0 |   0.0 |   0.7 | 1277.0
               +-------+-------+-------+-------+-------+----------------------
